cohdb
Replays
Latest Replays
All Replays
Popular Replays
Top Player Replays
Match Explorer
How It Works
Community
CoH3 Stats
Reddit
Sign in to upload your games and track your stats! →
Sign in with Steam
Match 44744506
Unlisted
Match 44744506
Overview
Messages
Build Orders
End
Scout Squad
Construct Barracks
Scout Squad
Riflemen Squad
Riflemen Squad
Riflemen Squad
Infantry Support Center
Construct Medical Station
Construct Weapon Support Center
Grenade Package
M1919 Machine Gun Team
Construct Motor Pool
Selects Advanced Infantry Battlegroup
Selects Convert to Ranger Squad
Selects Designate Assault Position
Selects Infantry Assault
Infantry Assault
M1 Anti-tank Gun Team
Selects Artillery Observers
M1918 Browning Automatic Rifles
Infantry Assault
Survival Training
M24 Chaffee Light Tank
Selects M2A1 105mm Howitzer Emplacement
M1 Anti-tank Gun Team
Selects Free Fire Drills
Selects 155mm Rapid Artillery Barrage
Riflemen Squad
M1919 Machine Gun Team
Infantry Assault
Convert to Ranger Squad
Infantry Assault
M1 Anti-tank Gun Team
M1 Anti-tank Gun Team
蔚蓝之苍穹
咚咚锵个腿
0
0
Comments
sign in to comment!
No comments posted yet!